 Dungeon Crawl Stone Soup version 0.29-a0-219-g0a02b1cf4f (webtiles) character file.

Game seed: 3794249273896513313

801438 drugrobin the Slayer (level 27, 0/261 HPs)
             Began as a Demigod Fighter on Feb 25, 2022.
             Slain by a large abomination (24 damage)
             ... summoned by Mnoleg
             ... in Pandemonium on Feb 26, 2022.
             The game lasted 09:45:45 (109321 turns).

drugrobin the Slayer (Demigod Fighter)            Turns: 109321, Time: 09:45:46

Health: 0/261      AC: 27    Str: 15 (17) XL:     27
Magic:  43/43      EV: 20    Int: 21 (30) God:
Gold:   3943       SH:  5    Dex: 30 (33) Spells: 3/47 levels left

rFire   . . .      SeeInvis +   k - +11 plutonium sword {Contam Stlth-}
rCold   + + +      Faith    .   (shield currently unavailable)
rNeg    + + +      Spirit   .   r - +4 troll leather armour {Snorg}
rPois   ∞          Reflect  +   K - +0 mask of the Dragon {Will+ Slay+3 SInv}
rElec   +          Harm     .   Z - +2 cloak {rC+}
rCorr   +          Rampage  .   F - +3 pair of gauntlets of War {Slay+5}
Will    ++++.                   P - +2 pair of boots {Fly}
Stlth   ++........              x - amulet of Miasmucyi {Reflect +Inv rC+ rCorr SH+5}
HPRegen 1.33/turn               c - ring of wizardry
MPRegen 0.28/turn               E - +6 ring of dexterity

@: lich-form, flying, constricted, studying 2 skills
A: draining attack, torment immunity, no potions, high MP 1, forlorn, divine
attributes, fangs 1, hooves 1, agile 1, deterioration 1, dopey 2, screaming 1,
electricity resistance, evolution 1, subdued magic 1
}: 6/15 runes: serpentine, barnacled, slimy, silver, abyssal, demonic
a: End Transformation, Evoke Invisibility


You were in Pandemonium.
You were an undead lich.
You visited 13 branches of the dungeon, and saw 58 of its levels.
You visited Pandemonium 2 times, and saw 7 of its levels.
You visited the Abyss 2 times.
You also visited: Trove and Ice Cave.

You collected 8320 gold pieces.
You spent 4377 gold pieces at shops.

Inventory:

Hand Weapons
 a - a +5 double sword of freezing
 b - a +4 double sword of holy wrath
 k - the +11 plutonium sword (weapon) {Contam Stlth-}
   (You found it on level 4 of the Realm of Zot)

   It occasionally inflicts wild transmutation effects on those it strikes,
   inflicting malmutation or extra damage, or polymorphing them into a new form.
   Contam:    It causes magical contamination when unequipped.
   Stlth:     It makes you less stealthy.
 D - a +3 antimagic long sword
Missiles
 h - 4 throwing nets
 Q - 31 javelins (quivered)
 R - 3 curare-tipped darts
Armour
 g - the +0 kite shield "Arihur" {rF+ rC+}
   (You took it off Donald on level 3 of the Elven Halls)

   rF:        It protects you from fire.
   rC:        It protects you from cold.
 r - a +4 troll leather armour (worn) {Snorg}
 F - the +3 pair of gauntlets of War (worn) {Slay+5}
   (You acquired it on level 3 of the Vaults)

   Slay:      It affects your accuracy & damage with ranged weapons and melee
   (+5).
 K - the +0 mask of the Dragon (worn) {Will+ Slay+3 SInv}
   (You found it on level 3 of the Elven Halls)

   Slay:      It affects your accuracy & damage with ranged weapons and melee
   (+3).
   SInv:      It lets you see invisible.
   Will:      It increases your willpower.
 P - a +2 pair of boots of flying (worn)
 Z - a +2 cloak of cold resistance (worn)
Jewellery
 c - a ring of wizardry (left hand)
 m - a ring of wizardry
 n - a ring of poison resistance
 x - the amulet of Miasmucyi (around neck) {Reflect +Inv rC+ rCorr SH+5}
   (You took it off an orc wizard on level 14 of the Dungeon)

   [amulet of reflection]

   It reflects blocked missile attacks.
   rC:        It protects you from cold.
   +Inv:      It lets you turn invisible.
   rCorr:     It protects you from acid and corrosion.
   SH:        It affects your SH (+5).
 E - a +6 ring of dexterity (right hand)
 M - a ring of protection from fire
Wands
 d - a wand of charming (14)
 p - a wand of paralysis (20)
 w - a wand of iceblast (42)
 C - a wand of polymorph (8)
 O - a wand of digging (20)
 U - a wand of acid (28)
Scrolls
 i - 12 scrolls of magic mapping
 t - 23 scrolls of teleportation
 u - 15 scrolls of fog
 v - 3 scrolls of fear
 y - 3 scrolls of torment
 A - 11 scrolls of immolation
 G - 3 scrolls of summoning
 H - 5 scrolls of blinking
 I - 12 scrolls of vulnerability
 T - 2 scrolls of silence
Potions
 e - 27 potions of curing
 f - 3 potions of haste
 j - a potion of cancellation
 o - 4 potions of resistance
 q - 7 potions of ambrosia
 B - 3 potions of heal wounds
 L - 7 potions of might
 N - a potion of lignification
 V - 4 potions of berserk rage
 W - 2 potions of invisibility
 Y - a potion of mutation
Miscellaneous
 l - a condenser vane
 s - a lightning rod (4/4)
 z - a phantom mirror (inert)
 J - a box of beasts
 S - a tin of tremorstones (1/2)
 X - a phial of floods


   Skills:
 - Level 24.1 Fighting
 + Level 18.9 Long Blades
 - Level 11.0 Armour
 - Level 10.9 Dodging
 - Level 2.0 Stealth
 - Level 15.0 Shields
 - Level 10.7 Spellcasting
 + Level 16.3 Conjurations
 - Level 20.6 Necromancy
 - Level 3.0 Translocations
 - Level 14.7 Transmutations
 + Level 13.0 Fire Magic
 - Level 5.8 Evocations


You had 3 spell levels left.
You knew the following spells:

 Your Spells              Type           Power      Damage    Failure   Level
a - Blink                 Tloc           36%        N/A       1%          2
b - Dispel Undead         Necr           85%        3d27      0%          4
c - Wereblood             Tmut           54%        N/A       0%          2
d - Lesser Beckoning      Tloc           18%        N/A       1%          3
e - Agony                 Necr           85%        N/A       0%          5
f - Corpse Rot            Necr/Air       100%       N/A       1%          2
g - Mephitic Cloud        Conj/Pois/Air  26%        N/A       1%          3
h - Necromutation         Tmut/Necr      39%        N/A       12%         8
i - Summon Small Mammal   Summ           32%        N/A       2%          1
j - Starburst             Conj/Fire      27%        6d9       1%          6
k - Orb of Destruction    Conj           28%        9d9       2%          7
q - Apportation           Tloc           36%        N/A       1%          1

Your spell library contained the following spells:

 Spells                   Type           Power      Damage    Failure   Level
 Animate Skeleton         Necr           100%       N/A       0%          1
 Beastly Appendage        Tmut           100%       N/A       0%          1
 Foxfire                  Conj/Fire      100%       2x1d9     0%          1
 Magic Dart               Conj           100%       1d8       0%          1
 Scorch                   Fire           100%       2d10      0%          2
 Sublimation of Blood     Necr           85%        N/A       0%          2
 Sting                    Tmut/Pois      100%       1d8       1%          1
 Static Discharge         Conj/Air       35%        N/A       1%          2
 Dazzling Flash           Conj/Hex       70%        N/A       1%          3
 Gell's Gravitas          Tloc           18%        N/A       1%          3
 Ignite Poison            Fire/Tmut/Pois 38%        N/A       1%          3
 Spider Form              Tmut/Pois      32%        N/A       1%          3
 Stone Arrow              Conj/Erth      70%        3d11      1%          3
 Teleport Other           Tloc           18%        N/A       1%          3
 Call Imp                 Summ           8%         N/A       3%          2
 Ensorcelled Hibernation  Hex/Ice        16%        N/A       3%          2
 Poisonous Vapours        Pois/Air       16%        N/A       3%          2
 Portal Projectile        Hex/Tloc       26%        N/A       3%          3
 Call Canine Familiar     Summ           8%         N/A       7%          3
 Confusing Touch          Hex            8%         N/A       7%          3
 Frozen Ramparts          Ice            16%        1d3       7%          3
 Ozocubu's Armour         Ice            8%         N/A       7%          3
 Summon Guardian Golem    Hex/Summ       8%         N/A       7%          3
 Swiftness                Air            8%         N/A       7%          3
 Tukima's Dance           Hex            8%         N/A       7%          3
 Animate Dead             Necr           42%        N/A       0%          4
 Excruciating Wounds      Necr           42%        N/A       0%          5
 Anguish                  Hex/Necr       29%        N/A       1%          4
 Flame Wave               Conj/Fire      54%        2d11      1%          4
 Hailstorm                Conj/Ice       35%        3d9       1%          4
 Ice Form                 Ice/Tmut       32%        N/A       1%          4
 Iskenderun's Mystic Bla  Conj/Tloc      39%        2d9       1%          4
 Petrify                  Tmut/Erth      32%        N/A       1%          4
 Sticky Flame             Conj/Fire      54%        2d7       1%          4
 Blade Hands              Tmut           27%        N/A       1%          5
 Borgnjor's Vile Clutch   Necr/Erth      29%        N/A       1%          5
 Fireball                 Conj/Fire      27%        3d12      1%          5
 Irradiate                Conj/Tmut      28%        3d22      1%          5
 Iskenderun's Battlesphe  Conj           57%        2d11      1%          5
 Lightning Bolt           Conj/Air       17%        1d32      2%          5
 Alistair's Intoxication  Tmut/Pois      21%        N/A       3%          5
 Yara's Violent Unravell  Hex/Tmut       16%        3d8       3%          5
 Borgnjor's Revivificati  Necr           42%        N/A       3%          8
 Infestation              Necr           42%        N/A       3%          8
 Simulacrum               Ice/Necr       29%        N/A       5%          6
 Passage of Golubria      Tloc           18%        N/A       7%          4
 Freezing Cloud           Conj/Ice/Air   13%        6-21      7%          5
 Conjure Ball Lightning   Conj/Air       17%        3x3d6     13%         6
 Iron Shot                Conj/Erth      17%        9d4       13%         6
 Statue Form              Tmut/Erth      21%        N/A       17%         6
 Manifold Assault         Tloc           18%        N/A       21%         5
 Airstrike                Air            4%         N/A       24%         4
 Animate Armour           Summ/Erth      16%        N/A       24%         4
 Leda's Liquefaction      Hex/Erth       4%         N/A       24%         4
 Olgreb's Toxic Radiance  Pois           8%         N/A       24%         4
 Summon Ice Beast         Ice/Summ       8%         N/A       24%         4
 Summon Lightning Spire   Summ/Air       8%         N/A       24%         4
 Haunt                    Necr/Summ      29%        N/A       28%         7
 Summon Forest            Summ/Tloc      6%         N/A       34%         5
 Death's Door             Necr           42%        N/A       45%         9
 Lee's Rapid Deconstruct  Erth           4%         3d6*      52%         5
 Metabolic Englaciation   Hex/Ice        4%         N/A       52%         5
 Silence                  Hex/Air        4%         N/A       52%         5
 Summon Mana Viper        Hex/Summ       8%         N/A       52%         5
 Spellforged Servitor     Conj/Summ      17%        N/A       56%         7
 Ignition                 Fire           25%        3d8       58%         8
 Storm Form               Tmut/Air       16%        N/A       67%         7
 Dispersal                Tloc           9%         N/A       71%         6
 Summon Cactus Giant      Summ           4%         N/A       98%         6
 Lehudib's Crystal Spear  Conj/Erth      17%        10d5      99%         8
 Fire Storm               Conj/Fire      27%        8d7       99%         9
 Enfeeble                 Hex            4%         N/A       100%        7
 Malign Gateway           Summ/Tloc      6%         N/A       100%        7
 Monstrous Menagerie      Summ           4%         N/A       100%        7
 Summon Hydra             Summ           4%         N/A       100%        7
 Disjunction              Tloc           9%         N/A       100%        8
 Maxwell's Capacitive Co  Air            4%         ∞         100%        8
 Summon Horrible Things   Summ           4%         N/A       100%        8
 Chain Lightning          Conj/Air       17%        3d23      100%        9
 Shatter                  Erth           4%         3d7*      100%        9


Dungeon Overview and Level Annotations

Branches:
Dungeon (15/15)            Temple (0/1) D:6            Lair (6/6) D:9
 Shoals (4/4) Lair:4        Snake (4/4) Lair:3        Slime (5/5) Lair:5
    Orc (2/2) D:9             Elf (3/3) Orc:2        Vaults (5/5) D:13
  Crypt (3/3) Vaults:3       Tomb (1/3) Crypt:3      Depths (4/4) D:15
   Hell (visited)             Zot (5/5) Depths:4      IceCv (visited)
    Dis: Hell:1         Geh: Hell:1         Coc: Hell:1         Tar: Hell:1

Shops:
D:1 :   D:9 (   D:10 (   D:11 (   D:12 (?:=   Orc:2 =?:!(   Elf:1 (   Elf:2 ?::
Elf:3 =***(   Shoals:2 (   Snake:1 =   Snake:2 =::   Snake:4 [?   Depths:2 *

Portals:
Hell: Depths:1 Depths:2 Depths:3 Depths:4
Abyss: Depths:2 Depths:3
Pandemonium: Depths:1 Depths:2
Ziggurat: Depths:4

Annotations:
D:3 Grinder
D:11 Nergalle
Lair:3 exclusion: 2 oklob plants
Lair:4 exclusion: oklob plant
Shoals:4 Polyphemus
Snake:2 exclusion: downstairs, Asterion
Hell Geryon
Zot:4 Tiamat
Pan Mnoleg


Innate Abilities, Weirdness & Mutations

You are an undead lich.
Your unarmed attacks are suffused with negative energy.
You are immune to unholy pain and torment.
Your necromantic spells are more powerful.
You cannot drink.
You are immune to poison.
You have an increased reservoir of magic. (+10% MP)
You shall have no god before yourself.
Your divine heritage dramatically boosts your attributes as you level up.
You have very sharp teeth.
You have large cloven feet.
You are agile. (Dex +2)
Your body sometimes deteriorates upon taking damage.
You are very dopey. (Int -4)
You occasionally shout uncontrollably at your foes.
You are resistant to electric shocks. (rElec)
You have hidden genetic potential.
Your spells are a little easier to cast, but a little less powerful.


Message History

The tentacled monstrosity tentacle-slaps you but does no damage.
The tentacled monstrosity tentacle-slaps you.
Mnoleg claws you but does no damage. Mnoleg tentacle-slaps you.
Your body decomposes!
You feel weakened. Mnoleg barely misses you. x2
The tentacled monstrosity tentacle-slaps you.
The tentacled monstrosity tentacle-slaps you but does no damage. x2
The tentacled monstrosity constricts you.
The eye of devastation gazes at you. The bolt of energy misses you.
The large abomination hits you!!
* * * LOW HITPOINT WARNING * * *
Unknown command.
Unknown command.
Unknown command.
Unknown command.
Unknown command.
Unknown command.
The tremorstone explodes into fragments!
The burst of rock shards engulfs the large abomination.
The burst of rock shards engulfs the large abomination but does no damage.
The burst of rock shards engulfs Mnoleg!
The burst of rock shards engulfs the large abomination!
The tentacled monstrosity barely misses you.
The tentacled monstrosity completely misses you.
The tentacled monstrosity tentacle-slaps you but does no damage.
Mnoleg barely misses you. Mnoleg completely misses you.
Mnoleg barely misses you. Mnoleg kicks you.
* * * LOW HITPOINT WARNING * * *
Mnoleg blinks!
The large abomination hits you!!!
* * * LOW HITPOINT WARNING * * *
The tentacled monstrosity tentacle-slaps you.
* * * LOW HITPOINT WARNING * * *
The tentacled monstrosity tentacle-slaps you but does no damage. x2
The tentacled monstrosity constricts you.
The tentacled monstrosity misses you.
The tentacled monstrosity completely misses you.
You block the tentacled monstrosity's attack.
The large abomination hits you!!
You die...

#############******
#XX.........(,,,,,,
#GXXX.[......,,,,,,
#XL#########.,,,,**
#XX# *,,,,,** #..#
*,,,,,,, #.&#
*,,,,,,* #..#
*,,,,,,, #..#
**,,,,,** #
######..#
**,,,,,,,* ##
#.......#
**,,,***,,, .#
###....#..# **.,,**
**,,


You could see Mnoleg (misshapen), 2 tentacled monstrosities, an eye of
devastation (summoned, agile, resistant) and 6 large abominations.

Vanquished Creatures
  the Royal Jelly (Slime:5)
  3 dread liches
  3 orbs of fire
  2 juggernauts
  Boris (Depths:3)
  Saint Roka (Elf:3)
  Sojobo (Vaults:5)
  Bai Suzhen (Vaults:5)
  Vashnia (Snake:4)
  Margery (Vaults:5)
  Parghit (Zot:1)
  A curse toe (Zot:4)
  Zenata (Depths:3)
  Josephina (Crypt:2)
  20 golden dragons
  Xtahua (Crypt:2)
  A caustic shrike (Depths:2)
  3 bone dragons
  4 Brimstone Fiends (Pan)
  2 pandemonium lords (Pan)
  2 electric golems (Zot:2)
  A searing wretch (Depths:1)
  A Hell Sentinel (Abyss:1)
  A walking crystal tome (Depths:3)
  15 tentacled monstrosities
  6 liches
  2 Ice Fiends (Pan)
  A shard shrike skeleton (Crypt:3)
  4 titans
  The ghost of sirJeffrey23 the Slayer, an adept HOFi of Beogh (Elf:2)
  A walking earthen tome (Depths:2)
  3 deep elf blademasters
  3 deep elf master archers (Elf:3)
  27 acid blobs
  9 quicksilver dragons
  2 Executioners (Pan)
  2 death cobs
  16 sphinxes
  2 ancient champions
  A storm dragon (shapeshifter) (Depths:2)
  Agnes (Snake:1)
  6 tentacled starspawn
  8 draconian monks
  5 tengu reavers
  19 storm dragons
  Donald (Elf:3)
  A revenant (Crypt:1)
  8 nagarajas (Snake:4)
  13 shadow dragons
  The ghost of drugrobin the Warrior, a journeyman DgWr (Shoals:3)
  16 rockslimes
  12 azure jellies
  An azure jelly (shapeshifter) (Vaults:1)
  7 fire giants
  Louise (Elf:3)
  6 frost giants
  An orc warlord (D:13)
  A daeva (Pan)
  5 deep elf sorcerers
  A juggernaut zombie (Crypt:2)
  5 iron dragons
  3 draconian knights
  18 cacodemons
  14 vault wardens
  3 ghost moths
  2 draconian scorchers
  The ghost of Zooseq the Thaumaturge, a journeyman GnFE of Gozag (Lair:5)
  11 ghouls (Crypt:2)
  2 balrugs
  6 draconian shifters
  2 deep elf elementalists (Elf:3)
  The ghost of fabreeze the Convoker, a journeyman OpSu of Gozag (Shoals:2)
  33 very ugly things
  8 draconian annihilators
  2 draconian stormcallers
  3 reapers
  4 spriggan defenders
  9 quicksilver oozes
  8 vampire knights
  10 war gargoyles
  19 ironbound preservers
  16 stone giants
  Azrael (Elf:1)
  9 ironbound thunderhulks
  16 green draconians
  11 white draconians
  7 deep elf annihilators
  An entropy weaver (Vaults:3)
  8 deep elf demonologists
  A demonspawn black sun (Pan)
  16 dire elephants
  9 red draconians
  A minotaur (shapeshifter) (Vaults:5)
  The ghost of testman the Hasty, a journeyman DsAr of Cheibriados (D:12)
  A lorocyproca (Pan)
  22 black draconians
  5 purple draconians
  2 eidola
  5 spark wasps
  The ghost of sammy202020 the Fighter, a journeyman DsBe of Trog (Snake:1)
  4 merfolk javelineers
  3 deep elf death magi (Elf:3)
  13 fire dragons
  7 blizzard demons
  A green death (Pan)
  7 deep elf high priests
  13 ettins
  4 merfolk impalers
  5 crystal guardians
  8 jiangshi
  15 yaktaur captains
  A salamander tyrant (Snake:2)
  13 great orbs of eyes
  Fannar (Orc:1)
  6 rakshasas
  The ghost of Zeldest the Archer, a journeyman TeMo of Qazlal (Lair:2)
  5 hydras
  17 ice dragons
  11 naga warriors
  A spriggan zombie (Crypt:3)
  30 vault guards
  4 boulder beetles
  A catoblepas (Shoals:4)
  A spriggan skeleton (Crypt:3)
  9 ogre magi
  5 merfolk aquamancers
  9 anacondas
  A peacekeeper (D:13)
  6 spriggan air magi
  9 centaur warriors
  7 ironbound frosthearts
  An alligator snapping turtle (Shoals:4)
  34 dancing weapons
  2 deep troll shamans
  24 two-headed ogres
  3 death knights
  A death scarab (Tomb:1)
  4 death yaks (Shoals:4)
  2 satyrs
  3 tengu warriors
  4 merfolk avatars
  3 deep troll earth magi
  9 thrashing horrors (Abyss:3)
  7 vampire magi
  2 hell hogs
  4 spriggan berserkers
  20 naga sharpshooters
  19 sun demons
  An orc high priest (Orc:2)
  Urug (Lair:2)
  A death yak (shapeshifter) (Depths:1)
  18 deep elf knights
  11 hell knights
  13 soul eaters
  4 shock serpents
  30 skeletal warriors
  15 sixfirhies
  3 spatial maelstroms
  7 salamander mystics
  15 starcursed masses
  A fire crab (Lair:6)
  2 death drakes
  5 wretched stars
  16 sea snakes
  A shadow wraith (Crypt:2)
  A steelbarb worm (shapeshifter) (Depths:3)
  33 large abominations
  A swamp dragon (Zot:4)
  3 iron trolls
  4 shadow demons
  53 deep trolls
  2 orc knights (Orc:2)
  A bunyip skeleton (Crypt:3)
  5 glowing orange brains
  4 flayed ghosts
  6 naga ritualists
  11 deep elf archers
  18 ironbound convokers
  5 wizards
  2 bog bodies (IceCv)
  31 deep elf pyromancers
  9 phantasmal warriors
  12 mana vipers
  12 necromancers
  8 lindwurms
  16 deep elf zephyrmancers
  17 harpies
  The ghost of Cecur the Shield-Bearer, a novice FoFi (D:5)
  A harpy (shapeshifter) (Vaults:2)
  A manticore (shapeshifter) (Vaults:5)
  A tengu skeleton (Vaults:1)
  A shining eye (shapeshifter) (Elf:2)
  19 manticores
  37 ugly things
  18 cyclopes
  11 fauns
  5 merfolk sirens
  2 worldbinders
  19 salamanders
  8 rust devils
  9 shining eyes
  A naga zombie (Crypt:3)
  A will-o-the-wisp (Abyss:4)
  An ice statue (IceCv)
  An apocalypse crab (Abyss:3)
  17 naga magi
  18 moths of wrath
  8 water nymphs
  3 eyes of devastation
  28 black mambas
  17 vault sentinels
  7 guardian serpents
  16 orange demons (Pan)
  17 cane toads
  11 smoke demons
  20 elephants
  2 gargoyles (D:12)
  A torpor snail (Lair:5)
  6 unseen horrors
  6 rime drakes
  8 hellions (Pan)
  9 freezing wraiths
  3 tengu conjurers
  8 tormentors
  29 yaktaurs
  A dire elephant skeleton (Crypt:3)
  An anaconda simulacrum (IceCv)
  4 kobold demonologists
  A black draconian skeleton (Crypt:1)
  3 efreet
  9 komodo dragons
  2 ice devils
  2 demonic crawlers
  A minotaur skeleton (Crypt:1)
  A silent spectre (Abyss:3)
  5 hellwings
  A queen bee (shapeshifter) (Elf:3)
  2 guardian mummies (Tomb:1)
  4 red devils
  2 entropy weaver simulacra (IceCv)
  A white draconian skeleton (Crypt:2)
  Psyche (D:9)
  3 polar bears
  4 ancient zymes
  3 harpy zombies
  3 meliai
  2 meliai (shapeshifter)
  40 merfolk
  6 hornets
  11 trolls
  5 wind drakes
  20 blink frogs
  3 harpy skeletons
  A fire dragon zombie (Crypt:3)
  9 raiju
  11 dream sheep
  174 slime creatures
  A tengu simulacrum (Vaults:1)
  An ice dragon zombie (Crypt:1)
  A dream sheep (shapeshifter) (Elf:2)
  A tarantella (Snake:4)
  13 snapping turtles
  A jumping spider (Vaults:2)
  52 flying skulls
  A stone giant simulacrum (Vaults:1)
  An air elemental (Elf:2)
  A centaur simulacrum (D:15)
  Sigmund (D:4)
  18 spriggans
  7 wraiths
  30 water elementals
  2 dire elephant simulacra
  6 wyverns
  An alligator skeleton (Crypt:1)
  A vampire (D:14)
  An ettin skeleton (Crypt:3)
  5 basilisks
  7 ynoxinuls
  55 yaks
  14 chaos spawn
  19 golden eyes
  3 steam dragons
  6 fire elementals
  14 neqoxecs
  A black mamba skeleton (Crypt:3)
  20 vampire mosquitoes
  A human simulacrum (Vaults:1)
  3 redbacks (Vaults:3)
  2 spatial vortices
  5 wargs
  A death yak simulacrum (IceCv)
  48 nagas
  2 acid dragons
  A two-headed ogre zombie (Crypt:2)
  A floating eye (Slime:2)
  15 water moccasins
  3 hell hounds (Elf:1)
  A naga skeleton (Crypt:3)
  20 orc warriors
  An ettin simulacrum (Vaults:3)
  2 ice beasts (D:6)
  2 sky beasts
  7 boggarts
  3 black bears (Lair:6)
  8 necrophages
  34 ogres
  A swamp dragon skeleton (Crypt:2)
  10 centaurs
  35 wolves
  19 kobold brigands
  12 bullfrogs
  A gnoll sergeant (D:5)
  5 two-headed ogre simulacra (IceCv)
  A wyvern zombie (D:8)
  2 cane toad simulacra (IceCv)
  4 scorpions
  A warg zombie (Crypt:2)
  A water moccasin zombie (D:6)
  A troll zombie (Crypt:1)
  16 small abominations
  An elephant simulacrum (IceCv)
  A raiju skeleton (Crypt:2)
  9 wights
  5 electric eels
  A howler monkey (D:5)
  3 centaur zombies
  A bullfrog zombie (D:5)
  A basilisk zombie (Crypt:2)
  An iron imp (Abyss:3)
  4 jellies
  A hound (D:5)
  Crazy Yiuf (D:3)
  A centaur skeleton (D:7)
  A gnoll shaman (D:9)
  3 iguanas
  20 orc priests
  A bullfrog skeleton (D:5)
  23 orc wizards
  5 lightning spires (Zot:2)
  3 polar bear simulacra (IceCv)
  5 spriggan simulacra (IceCv)
  A killer bee zombie (D:8)
  8 troll simulacra (IceCv)
  3 mummies (Tomb:1)
  A howler monkey zombie (D:7)
  A howler monkey skeleton (D:5)
  6 adders
  9 gnolls
  A steam dragon zombie (Crypt:1)
  7 naga simulacra (IceCv)
  A shadow imp (D:8)
  6 white imps
  8 ufetubi
  2 adder skeletons
  A worm (D:2)
  3 dart slugs
  66 orcs
  4 ball pythons (D:1)
  8 bats
  7 endoplasms
  4 giant cockroaches
  7 goblins
  8 hobgoblins
  6 jackals
  21 kobolds
  3 quokkas
  6 frilled lizards
  A kobold skeleton (Crypt:1)
  4 rats
  A fire vortex (Depths:1)
  A lurking horror (Abyss:5)
  6 starspawn tentacles
2881 creatures vanquished.

Vanquished Creatures (collateral kills)
  Nikola (Vaults:2)
  An acid blob (Slime:5)
  A storm dragon (Zot:4)
  A deep elf sorcerer (Elf:3)
  A naga warrior (Snake:4)
  A shining eye (Slime:2)
  2 merfolk sirens (Shoals:1)
  A hellion (Pan)
  2 wolves (Lair:3)
11 creatures vanquished.

Vanquished Creatures (others)
  A death cob (Zot:3)
  A storm dragon (Zot:2)
  A draconian shifter (Zot:2)
  A black draconian (Zot:2)
  A naga warrior (Lair:3)
  A merfolk aquamancer (Shoals:4)
  A deep elf knight (Elf:3)
  A soul eater (Pan)
  A manticore (Shoals:2)
  2 deep elf pyromancers
  An ancient zyme (Abyss:5)
  A demonic crawler (Hell)
  A fire dragon zombie (Crypt:3)
  A centaur simulacrum (Crypt:2)
  A naga simulacrum (Crypt:2)
  A ynoxinul (Abyss:1)
  A warg zombie (Crypt:1)
  2 small abominations
  An orc (D:10)
  5 ball lightnings (Zot:2)
  8 demonic plants (D:13)
  8 foxfires (Abyss:4)
  53 fungi
  4 lurking horrors
  202 plants
  51 starspawn tentacles
  2 withered plants (Shoals:3)
354 creatures vanquished.

Grand Total: 3246 creatures vanquished

Notes
Turn   | Place    | Note
-------+----------+-------------------------------------------
     0 | D:1      | drugrobin the Demigod Fighter began the quest for the Orb.
     0 | D:1      | Reached XP level 1. HP: 18/18 MP: 3/3
   192 | D:1      | Reached XP level 2. HP: 25/25 MP: 4/4
   333 | D:1      | Reached skill level 3 in Fighting
   475 | D:1      | Found Westraela's Book Shop.
   643 | D:1      | Reached XP level 3. HP: 27/31 MP: 5/5
  1372 | D:2      | Reached XP level 4. HP: 31/38 MP: 6/6
  1986 | D:3      | Noticed Grinder
  2673 | D:4      | Reached XP level 5. HP: 44/45 MP: 7/7
  3027 | D:3      | Found a runed translucent door.
  3028 | D:3      | Noticed Crazy Yiuf
  3317 | D:4      | Noticed a wyvern
  3610 | D:4      | Reached XP level 6. HP: 52/52 MP: 8/8
  3632 | D:4      | Noticed Sigmund
  3646 | D:4      | Killed Sigmund
  3647 | D:4      | Reached skill level 4 in Fighting
  3841 | D:4      | Killed a wyvern
  3842 | D:4      | Reached XP level 7. HP: 60/60 MP: 9/9
  4146 | D:5      | Entered Level 5 of the Dungeon
  4379 | D:5      | Noticed a yak
  4389 | D:5      | Noticed a yak
  4389 | D:5      | Noticed a yak
  4420 | D:5      | Killed a yak
  4421 | D:5      | Reached skill level 5 in Fighting
  4431 | D:5      | Killed a yak
  4432 | D:5      | Reached skill level 5 in Armour
  4432 | D:5      | Reached skill level 5 in Shields
  4434 | D:5      | Killed a yak
  4435 | D:5      | Reached XP level 8. HP: 32/68 MP: 10/10
  4758 | D:5      | Noticed Cecur's ghost (novice FoFi)
  4759 | D:5      | Found a runed translucent door.
  4871 | D:5      | Killed Cecur's ghost
  4872 | D:5      | Reached skill level 5 in Long Blades
  5473 | D:5      | Reached skill level 6 in Fighting
  5878 | D:6      | Reached XP level 9. HP: 69/75 MP: 11/11
  6134 | D:5      | Learned a level 2 spell: Wereblood
  6938 | D:6      | Reached skill level 1 in Transmutations
  7293 | D:6      | Found a staircase to the Ecumenical Temple.
  8240 | D:8      | Reached skill level 7 in Fighting
  9170 | D:8      | Noticed a boulder beetle
  9176 | D:8      | Noticed a skeletal warrior
  9601 | D:8      | Killed a boulder beetle
  9602 | D:8      | Reached XP level 10. HP: 42/86 MP: 13/13
  9885 | D:8      | Noticed a seven-headed hydra
  9885 | D:8      | Noticed a cyclops
  9885 | D:8      | Noticed a cyclops
 10325 | D:9      | Found a staircase to the Orcish Mines.
 10346 | Orc:1    | Entered Level 1 of the Orcish Mines
 10458 | D:9      | Found a staircase to the Lair.
 10540 | D:8      | Killed a cyclops
 11121 | D:8      | Killed a cyclops
 11503 | D:9      | Reached skill level 8 in Fighting
 11867 | D:9      | Found Teck's Weapon Emporium.
 11905 | D:9      | Noticed Psyche
 11918 | D:9      | Killed Psyche
 12314 | Lair:1   | Entered Level 1 of the Lair of Beasts
 12423 | Lair:1   | ok i get it, i'm petrified
 12473 | Lair:1   | Noticed a four-headed hydra
 12493 | Lair:1   | Killed a four-headed hydra
 12496 | Lair:1   | Reached XP level 11. HP: 92/95 MP: 9/14
 13240 | Lair:1   | Reached skill level 9 in Fighting
 13477 | Lair:1   | Noticed a seven-headed hydra
 13918 | D:10     | Entered Level 10 of the Dungeon
 14123 | D:10     | Found Yleisah's Antique Weapon Shoppe.
 14692 | D:11     | Noticed Nergalle
 14744 | D:11     | Noticed a two-headed ogre
 14764 | D:11     | Killed a two-headed ogre
 14884 | D:11     | Noticed a soul eater
 15140 | D:11     | Noticed a two-headed ogre
 15153 | D:11     | Killed a two-headed ogre
 15166 | D:11     | Found Iseceaw's Antique Weapon Emporium.
 15393 | D:11     | Bought a crude triple sword for 330 gold pieces
 15393 | D:11     | Identified the +1 triple sword of the Sugar Beet {speed,
                  | *Corrode rF+ rC+ rN+} (You bought it in a shop on level 11
                  | of the Dungeon)
 15518 | D:12     | Found Jiutiuv's Magic Scroll Shop.
 15606 | D:12     | Found Sexomaol's Book Shop.
 15634 | D:12     | Found Siparphu's Jewellery Emporium.
 15835 | D:12     | Reached XP level 12. HP: 91/106 MP: 15/15
 16060 | D:12     | Found a runed translucent door.
 16089 | D:12     | Reached skill level 10 in Fighting
 16310 | D:11     | Reached skill level 10 in Long Blades
 16334 | D:12     | Reached skill level 5 in Transmutations
 16548 | D:12     | Found Caocutix's Antique Weapon Boutique.
 16709 | D:12     | Noticed testman's ghost (journeyman DsAr)
 16929 | D:13     | Noticed Snorg
 17015 | D:13     | Noticed a centaur warrior
 17363 | Lair:2   | Found a frozen archway.
 17392 | IceCv    | Entered an ice cave
 17572 | IceCv    | Reached skill level 11 in Fighting
 18414 | IceCv    | Got Umo Res's Collected Works on the Snowflakes
 18443 | Lair:2   | Noticed a seven-headed hydra
 18472 | Lair:2   | Found a runed translucent gate.
 18472 | Lair:2   | Found a runed translucent gate.
 18473 | Lair:2   | Found a runed translucent gate.
 18505 | Lair:1   | Identified a scroll of acquirement
 18505 | Lair:1   | Acquired a +0 double sword of holy wrath
 18572 | Lair:2   | Noticed Zeldest's ghost (journeyman TeMo)
 18615 | Lair:1   | Killed a seven-headed hydra
 18722 | Lair:2   | Reached skill level 1 in Evocations
 18776 | Lair:2   | Reached XP level 13. HP: 116/116 MP: 16/16
 19007 | Lair:2   | Noticed Urug
 19029 | Lair:2   | Killed Urug
 19172 | Lair:2   | Reached skill level 10 in Shields
 19376 | Lair:2   | Killed Zeldest's ghost
 19707 | Lair:3   | Found a staircase to the Snake Pit.
 20191 | Lair:3   | Reached skill level 12 in Fighting
 20955 | Lair:4   | Found a staircase to the Shoals.
 21702 | Lair:5   | uh oh
 21873 | Lair:5   | Found a runed translucent gate.
 21873 | Lair:5   | Found a runed translucent gate.
 21873 | Lair:5   | Found a runed translucent gate.
 21874 | Lair:5   | Noticed an azure jelly
 21874 | Lair:5   | Noticed an acid blob
 21874 | Lair:5   | Noticed an acid blob
 21876 | Lair:5   | Noticed an azure jelly
 21879 | Lair:5   | Noticed Zooseq's ghost (journeyman GnFE)
 21880 | Lair:5   | Noticed an azure jelly
 21880 | Lair:5   | Noticed an acid blob
 21881 | Lair:5   | Noticed an acid blob
 21881 | Lair:5   | Noticed a rockslime
 21881 | Lair:5   | Noticed an acid blob
 21882 | Lair:5   | Noticed an azure jelly
 21882 | Lair:5   | Noticed a quicksilver ooze
 21888 | Lair:5   | yikes
 21906 | Lair:5   | Found a staircase to the Slime Pits.
 22086 | Lair:5   | Reached skill level 5 in Evocations
 22406 | Lair:5   | Identified the +9 shortbow of Ilir {freeze, rF+ rC- Str+4}
 22543 | Lair:6   | Entered Level 6 of the Lair of Beasts
 22910 | Lair:6   | Reached XP level 14. HP: 127/127 MP: 17/17
 23353 | Lair:6   | Reached skill level 13 in Fighting
 23475 | Lair:6   | bro this is too many yaks
 24216 | Lair:1   | Reached XP level 15. HP: 136/136 MP: 17/24
 24628 | Orc:2    | Entered Level 2 of the Orcish Mines
 25293 | Orc:2    | Paralysed by an ogre mage for 2 turns
 25947 | Orc:1    | Noticed Fannar
 26143 | Orc:2    | Paralysed by something for 5 turns
 26149 | Orc:2    | Reached skill level 1 in Dodging
 26238 | Orc:2    | Found Axejab's Antique Weapon Shoppe.
 26238 | Orc:2    | Found Vialum's Book Shop.
 26238 | Orc:2    | Found Ocinuhid's Distillery.
 26238 | Orc:2    | Found Zuingo's Magic Scroll Emporium.
 26250 | Orc:2    | Learned a level 4 spell: Dispel Undead
 26251 | Orc:2    | Bought a scroll of teleportation for 42 gold pieces
 26251 | Orc:2    | Bought a scroll of identify for 28 gold pieces
 26251 | Orc:2    | Bought a scroll of identify for 28 gold pieces
 26252 | Orc:2    | Bought a potion of cancellation for 104 gold pieces
 26252 | Orc:2    | Bought a potion of haste for 130 gold pieces
 26252 | Orc:2    | Bought a potion of haste for 130 gold pieces
 26602 | Orc:2    | Found a staircase to the Elven Halls.
 26604 | Orc:2    | Found Lyrovvax's Jewellery Boutique.
 26649 | Orc:2    | Reached skill level 1 in Necromancy
 27068 | Orc:2    | Bought an ancient great sword for 448 gold pieces
 27068 | Orc:2    | Identified the +4 great sword of Midwinter {freeze, rElec
                  | SInv} (You bought it in a shop on level 2 of the Orcish
                  | Mines)
 27194 | Orc:1    | Killed Fannar
 27666 | D:13     | Found a gate to the Vaults.
 27781 | D:12     | Reached skill level 14 in Fighting
 27960 | D:13     | Noticed Snorg
 27960 | D:13     | Snorg changed into Snorg the manticore
 27979 | D:13     | Killed Snorg the manticore
 28459 | D:14     | Reached XP level 16. HP: 146/146 MP: 25/25
 28749 | D:14     | Identified the amulet of Miasmucyi {Reflect +Inv rC+ rCorr
                  | SH+5}
 29413 | D:15     | Entered Level 15 of the Dungeon
 30439 | D:15     | Found a staircase to the Depths.
 30610 | Snake:1  | Entered Level 1 of the Snake Pit
 30848 | Snake:1  | Reached skill level 5 in Dodging
 30881 | Snake:1  | Found a runed translucent gate.
 30881 | Snake:1  | Found a runed translucent gate.
 30881 | Snake:1  | Found a runed translucent gate.
 30882 | Snake:1  | Noticed sammy202020's ghost (journeyman DsBe)
 31206 | Snake:1  | Learned a level 2 spell: Blink
 31539 | Lair:3   | Reached skill level 5 in Necromancy
 31904 | Snake:1  | Reached skill level 1 in Translocations
 32426 | Snake:1  | Noticed Agnes
 32431 | Snake:1  | Killed Agnes
 32522 | Snake:1  | Found Soghonykk's Jewellery Shop.
 32850 | Snake:1  | Killed sammy202020's ghost
 32950 | Snake:2  | Noticed Asterion
 33560 | Snake:2  | Found Otuh's Jewellery Shop.
 33562 | Snake:2  | Found Voquma's Book Emporium.
 33564 | Snake:2  | Found Umoaqeahe's Book Emporium.
 33669 | D:12     | Bought a scroll of acquirement for 728 gold pieces
 33669 | D:12     | Acquired a +1 helmet of see invisible
 33716 | D:12     | Killed testman's ghost
 33939 | D:3      | Killed Crazy Yiuf
 34114 | Shoals:1 | Entered Level 1 of the Shoals
 34866 | Snake:3  | Reached skill level 15 in Long Blades
 35782 | Snake:2  | Learned a level 3 spell: Lesser Beckoning
 35818 | Snake:3  | Reached XP level 17. HP: 128/154 MP: 26/26
 36227 | Snake:4  | Entered Level 4 of the Snake Pit
 36652 | Snake:4  | Noticed Vashnia
 37901 | Snake:4  | Found Yboek's Magic Scroll Emporium.
 38160 | Snake:4  | Found Yheola Horr's Armour Emporium.
 40005 | Snake:4  | Learned a level 5 spell: Agony
 40230 | Snake:4  | Learned a level 1 spell: Apportation
 40232 | Snake:4  | Got a serpentine rune of Zot
 41903 | Shoals:2 | Reached skill level 10 in Necromancy
 41930 | Shoals:2 | Learned a level 2 spell: Corpse Rot
 41938 | Shoals:2 | Found Astricae's Antique Weapon Boutique.
 42547 | Shoals:1 | Reached skill level 15 in Fighting
 43352 | Shoals:3 | Found a runed translucent gate.
 43352 | Shoals:3 | Found a runed translucent gate.
 43365 | Shoals:3 | Found a runed translucent gate.
 43366 | Shoals:3 | Noticed drugrobin's ghost (journeyman DgWr)
 43367 | Shoals:3 | Noticed fabreeze's ghost (journeyman OpSu)
 43530 | Shoals:2 | Killed fabreeze's ghost
 43685 | Shoals:3 | Killed drugrobin's ghost
 43729 | Shoals:3 | Identified the +1 leather armour "Viuhiochin" {Will+ Int+3
                  | Dex-4}
 44193 | Shoals:3 | Reached XP level 18. HP: 163/163 MP: 27/27
 44512 | Shoals:4 | Entered Level 4 of the Shoals
 44874 | Shoals:4 | Identified the +1 plate armour of Qacax {Fly rN+ Stlth+}
 46100 | Shoals:4 | Noticed Polyphemus
 46349 | Shoals:4 | Got a barnacled rune of Zot
 47125 | Elf:1    | Entered Level 1 of the Elven Halls
 47324 | Elf:1    | Noticed Azrael
 47508 | Elf:1    | Killed Azrael
 47763 | Elf:1    | Found Luydarot's Antique Weapon Emporium.
 48692 | Elf:2    | Found Tiupaul's Book Emporium.
 48785 | Elf:2    | Found a runed translucent gate.
 48785 | Elf:2    | Found a runed translucent gate.
 48786 | Elf:2    | Found a runed translucent gate.
 48908 | Elf:2    | Found Ilib's Book Boutique.
 49082 | Elf:2    | Paralysed by an air elemental for 1 turns
 49160 | Elf:2    | Found Rofofoekk's Magic Scroll Emporium.
 49315 | Elf:3    | Entered Level 3 of the Elven Halls
 49315 | Elf:3    | Found Uciexzaq's Jewellery Boutique.
 49402 | Elf:3    | Found a runed translucent gate.
 49403 | Elf:3    | Found a runed translucent gate.
 49403 | Elf:3    | Found a runed translucent gate.
 49413 | Elf:3    | Noticed sirJeffrey23's ghost (adept HOFi)
 49463 | Elf:3    | Reached skill level 16 in Fighting
 49658 | Vaults:1 | Entered Level 1 of the Vaults
 50453 | Vaults:1 | Reached XP level 19. HP: 114/172 MP: 28/28
 52507 | Vaults:2 | Found Fukkuyll's General Store.
 52722 | Vaults:2 | Reached skill level 15 in Necromancy
 53747 | Vaults:2 | Reached skill level 17 in Fighting
 53892 | Vaults:2 | Noticed Nikola
 53923 | Vaults:2 | Killed Nikola
 54522 | Vaults:2 | Reached skill level 10 in Armour
 55048 | Vaults:3 | Reached skill level 10 in Dodging
 55269 | Vaults:3 | Noticed a Brimstone Fiend
 56097 | Vaults:3 | Acquired the +3 pair of gauntlets of War {Slay+5}
 56097 | Vaults:3 | Found the +3 pair of gauntlets of War {Slay+5}
 56792 | Vaults:3 | Reached XP level 20. HP: 184/184 MP: 29/29
 57165 | Vaults:3 | Found a staircase to the Crypt.
 57398 | Crypt:1  | Entered Level 1 of the Crypt
 57398 | Crypt:1  | You fall into a shaft and drop 1 floor!
 59122 | Crypt:2  | Noticed Xtahua
 59186 | Crypt:2  | Reached skill level 1 in Stealth
 59261 | Crypt:2  | Identified the ring of Liyfam {Ice Dex+8}
 59261 | Crypt:2  | Noticed Josephina
 59296 | Crypt:2  | Killed Josephina
 59306 | Crypt:3  | Entered Level 3 of the Crypt
 59454 | Crypt:3  | Noticed a bone dragon
 59479 | Crypt:3  | Killed a bone dragon
 60325 | Vaults:4 | Reached skill level 18 in Fighting
 62758 | Vaults:4 | Paralysed by a sphinx for 5 turns
 62892 | Vaults:4 | Reached XP level 21. HP: 188/195 MP: 25/30
 63272 | Orc:2    | Bought a Necronomicon for 952 gold pieces
 63331 | Lair:1   | Learned a level 3 spell: Mephitic Cloud
 63374 | Snake:2  | Bought a ring of willpower for 425 gold pieces
 63784 | Elf:3    | Found Ryrph's General Store.
 63786 | Elf:3    | Found Veoqua's Specific Store.
 63832 | Elf:3    | Noticed Saint Roka
 63857 | Elf:3    | Killed Saint Roka
 63940 | Elf:2    | Reached skill level 1 in Conjurations
 64211 | Elf:3    | Found Agugaugg's Antique Weapon Emporium.
 64211 | Elf:3    | Found Wurre Samoism's Assorted Antiques.
 64552 | Elf:3    | Identified the +0 kite shield "Arihur" {rF+ rC+}
 64552 | Elf:3    | Noticed Donald
 64591 | Elf:3    | Killed Donald
 64858 | Elf:3    | Noticed Louise
 64875 | Elf:3    | Killed Louise
 65745 | Elf:3    | Identified the +9 glaive "Iheiwn" {pain, rElec}
 65788 | Elf:3    | Identified the +0 great sword of the Leaping Bear {vorpal,
                  | rElec Str+2}
 65977 | Elf:3    | Reached skill level 5 in Spellcasting
 66227 | Elf:3    | Identified the +3 plate armour of Maurydwi {Rampage}
 66335 | Elf:3    | Identified the +1 mace "Ceeroc" {elec, rC+ Stlth+}
 66594 | Elf:3    | Reached skill level 19 in Fighting
 66627 | Elf:3    | Identified the ring "Impiytz" {MP+9 Str+6}
 66699 | Elf:3    | Learned a level 8 spell: Necromutation
 66888 | Elf:3    | Found the +0 mask of the Dragon {Will+ Slay+3 SInv}
 66895 | Elf:3    | Identified the +2 hunting sling of Overwhelming Force
                  | {freeze, rF++}
 67320 | Elf:2    | Killed sirJeffrey23's ghost
 67321 | Elf:2    | Reached skill level 10 in Transmutations
 67685 | Elf:2    | Upgraded the game from 0.29-a0-214-g17f627cfee to
                  | 0.29-a0-219-g0a02b1cf4f
 68146 | Elf:3    | Bought a ring of wizardry for 480 gold pieces
 68265 | Elf:3    | Identified the +0 helmet of Tuleuvou {Dex+2}
 68526 | Depths:1 | Entered Level 1 of the Depths
 68636 | Depths:1 | Found a gateway to Hell.
 68636 | Depths:1 | Found a one-way gate leading to the halls of Pandemonium.
 70238 | Hell     | Entered the Vestibule of Hell
 70238 | Hell     | Noticed Geryon
 70247 | Depths:1 | Reached XP level 22. HP: 204/206 MP: 32/35
 70765 | Depths:2 | Found Amant's Overcharged Wands.
 70822 | Depths:2 | Noticed a juggernaut
 70840 | Depths:2 | Killed a juggernaut
 71142 | Depths:2 | Found a one-way gate to the infinite horrors of the Abyss.
 71751 | Depths:2 | Reached skill level 15 in Shields
 72522 | Depths:3 | Noticed a caustic shrike
 72532 | Depths:2 | Killed a caustic shrike
 72798 | Depths:2 | Reached skill level 20 in Fighting
 72918 | Depths:3 | Got the Compendium of Heresy
 73450 | Depths:3 | Noticed a juggernaut
 73470 | Depths:3 | Killed a juggernaut
 74021 | Depths:4 | Entered Level 4 of the Depths
 74362 | Depths:4 | Noticed Zenata
 74503 | Depths:3 | Killed Zenata
 74504 | Depths:3 | Reached skill level 21 in Fighting
 74952 | Depths:4 | Noticed Boris
 75146 | Depths:3 | Killed Boris
 75290 | Depths:4 | Found a portal to a secret trove of treasure.
 77312 | Depths:4 | Identified the +5 trident "Wavviba" {vorpal, *Slow rC+
                  | Int+3}
 77417 | Depths:4 | Reached XP level 23. HP: 212/222 MP: 36/36
 77494 | Depths:4 | Reached skill level 22 in Fighting
 77903 | Depths:4 | Found a gate to the Realm of Zot.
 77940 | Depths:4 | Identified the +1 scale mail "Zatziuf" {rCorr Dex+3}
 77942 | Depths:4 | Identified the -6 pair of boots of Daaleon {Int+4 Stlth+}
 78334 | Depths:4 | Found a one-way gateway to a ziggurat.
 78428 | Depths:4 | Learned a level 1 spell: Summon Small Mammal
 78711 | Slime:1  | Entered Level 1 of the Pits of Slime
 79051 | Slime:2  | Gained mutation: You are frail. (-10% HP) [a shining eye]
 79068 | Slime:2  | Gained mutation: Armour fits poorly on your strangely
                  | shaped body. [a shining eye]
 79069 | Slime:2  | Gained mutation: You tend to lose your temper in combat. [a
                  | shining eye]
 79135 | Slime:1  | Reached skill level 23 in Fighting
 79599 | Slime:2  | Paralysed by a floating eye for 2 turns
 80389 | Slime:3  | Gained mutation: You sometimes lose the ability to read
                  | scrolls when taking damage. [a shining eye]
 80891 | Slime:5  | Entered Level 5 of the Pits of Slime
 81035 | Slime:5  | Gained mutation: Potions are less effective at restoring
                  | your health. [a shining eye]
 81102 | Slime:5  | Gained mutation: You are weak. (Str -2) [a shining eye]
 81651 | Slime:5  | Noticed the Royal Jelly
 81955 | Lair:5   | Killed Zooseq's ghost
 82677 | Snake:4  | Killed Vashnia
 82678 | Snake:4  | Reached skill level 24 in Fighting
 82936 | Snake:4  | Bought a scroll of magic mapping for 56 gold pieces
 82936 | Snake:4  | Bought a scroll of teleportation for 48 gold pieces
 82936 | Snake:4  | Bought a scroll of teleportation for 48 gold pieces
 82936 | Snake:4  | Bought a scroll of magic mapping for 56 gold pieces
 82936 | Snake:4  | Bought a scroll of enchant armour for 120 gold pieces
 82936 | Snake:4  | Bought a scroll of torment for 120 gold pieces
 83390 | Slime:5  | Killed the Royal Jelly
 83743 | Slime:5  | Gained mutation: You are very weak. (Str -4) [a shining
                  | eye]
 83744 | Slime:5  | Gained mutation: You are dopey. (Int -2) [a shining eye]
 83764 | Slime:5  | Identified the +8 long sword "Ytirisuk" {vorpal, rN+}
 83778 | Slime:5  | Got the Almanac of Mutagenic Weightlessness
 83798 | Slime:5  | Identified the +1 leather armour of Catatonia {Int+2}
 83841 | Slime:5  | Identified the ring "Asypran" {Wiz rN+ Will++ MP-9 Dex-4}
 83885 | Slime:5  | Got a slimy rune of Zot
 84609 | Depths:1 | Reached XP level 24. HP: 214/214 MP: 40/40
 84787 | Depths:1 | Gained mutation: You often lose your temper in combat. [a
                  | cacodemon]
 85027 | Depths:3 | Lost mutation: You are dopey. (Int -2) [potion of mutation]
 85027 | Depths:3 | Lost mutation: You sometimes lose the ability to read
                  | scrolls when taking damage. [potion of mutation]
 85027 | Depths:3 | Lost mutation: You are very weak. (Str -4) [potion of
                  | mutation]
 85027 | Depths:3 | Gained mutation: You expend magic power (3 MP) to
                  | strengthen your wands. [potion of mutation]
 85027 | Depths:3 | Lost mutation: You often lose your temper in combat.
                  | [potion of mutation]
 85027 | Depths:3 | Gained mutation: Your flesh is cold resistant. (rC+)
                  | [potion of mutation]
 85027 | Depths:3 | Gained mutation: You have hidden genetic potential. [potion
                  | of mutation]
 85028 | Depths:3 | Lost mutation: You tend to lose your temper in combat.
                  | [potion of mutation]
 85028 | Depths:3 | Lost mutation: You have hidden genetic potential. [potion
                  | of mutation]
 85028 | Depths:3 | Lost mutation: You are weak. (Str -2) [potion of mutation]
 85028 | Depths:3 | Gained mutation: Your natural rate of healing is unusually
                  | fast. [potion of mutation]
 85028 | Depths:3 | Gained mutation: You have a considerably increased
                  | reservoir of magic. (+20% MP) [potion of mutation]
 85752 | Vaults:5 | Entered Level 5 of the Vaults
 85752 | Vaults:5 | Noticed Bai Suzhen
 85755 | Vaults:5 | Noticed a dread lich
 86331 | Vaults:5 | Paralysed by a dread lich for 2 turns
 86687 | Vaults:5 | Killed a dread lich
 86688 | Vaults:5 | Reached skill level 5 in Conjurations
 86706 | Vaults:5 | Identified the +11 morningstar "Hazishoz" {vorpal, rPois
                  | rF+}
 86716 | Vaults:5 | Killed Bai Suzhen
 86986 | Vaults:5 | Noticed Sojobo
 87003 | Vaults:5 | Killed Sojobo
 87007 | Vaults:5 | Identified the +1 battleaxe of Resourcefulness {antimagic,
                  | rC+}
 87095 | Vaults:5 | Identified the +6 long sword of Utum {pain, rN+}
 87225 | Vaults:5 | Noticed Margery
 87225 | Vaults:5 | Identified the amulet "Yfaeg" {Spirit Harm rC- rN+++ Str-4}
 87292 | Vaults:5 | Killed Margery
 87503 | Vaults:5 | Got a silver rune of Zot
 87523 | Vaults:5 | Learned a level 6 spell: Starburst
 87679 | Vaults:5 | Reached skill level 1 in Fire Magic
 87835 | Vaults:5 | Identified the +5 falchion of the Past {vorpal, Will+
                  | rCorr}
 87962 | Vaults:5 | Got the Almanac of Unstable Flight
 88682 | Depths:2 | Voluntarily entered the Abyss.
 89951 | Abyss:3  | Gained mutation: Your spells are a little easier to cast,
                  | but a little less powerful. [a cacodemon]
 90164 | Abyss:3  | Noticed a dread lich
 90170 | Abyss:3  | Killed a dread lich
 90564 | Abyss:5  | Entered Level 5 of the Abyss
 90643 | Depths:2 | Escaped the Abyss
 91036 | Depths:2 | Voluntarily entered the Abyss.
 91456 | Abyss:5  | Entered Level 5 of the Abyss
 91617 | Abyss:5  | Paralysed by accursed screaming for 2 turns
 91626 | Abyss:5  | HP: 1/184 [starcursed mass/accursed screaming (12)]
 92092 | Abyss:5  | Found a transporter.
 92121 | Abyss:5  | Gained mutation: Potions cannot restore your health. [a
                  | neqoxec]
 92123 | Abyss:5  | Gained mutation: Your body sometimes deteriorates upon
                  | taking damage. [a neqoxec]
 92124 | Abyss:5  | Lost mutation: Your natural rate of healing is unusually
                  | fast. [a neqoxec]
 92127 | Abyss:5  | Gained mutation: Your system is resistant to poisons.
                  | (rPois) [a neqoxec]
 92153 | Abyss:5  | Found a transporter.
 92157 | Abyss:5  | Reached skill level 10 in Conjurations
 92157 | Abyss:5  | Reached skill level 5 in Fire Magic
 92157 | Abyss:5  | Reached XP level 25. HP: 40/190 MP: 44/44
 92157 | Abyss:5  | Reached XP level 26. HP: 42/198 MP: 44/44
 92157 | Abyss:5  | Got an abyssal rune of Zot
 92263 | Depths:2 | Escaped the Abyss
 92546 | Pan      | Entered Pandemonium
 93023 | Pan      | Noticed Uxew the pandemonium lord
 93060 | Pan      | Killed Uxew the pandemonium lord
 93317 | Pan      | Got a demonic rune of Zot
 94284 | Depths:2 | Escaped Pandemonium
 94464 | Lair:1   | Lost mutation: Your spells are a little easier to cast, but
                  | a little less powerful. [potion of mutation]
 94464 | Lair:1   | Lost mutation: You expend magic power (3 MP) to strengthen
                  | your wands. [potion of mutation]
 94464 | Lair:1   | Lost mutation: Your body sometimes deteriorates upon taking
                  | damage. [potion of mutation]
 94464 | Lair:1   | Gained mutation: Your spells are a little harder to cast,
                  | but a little more powerful. [potion of mutation]
 94465 | Lair:1   | Lost mutation: Your system is resistant to poisons. (rPois)
                  | [potion of mutation]
 94465 | Lair:1   | Lost mutation: You are frail. (-10% HP) [potion of
                  | mutation]
 94465 | Lair:1   | Lost mutation: Potions cannot restore your health. [potion
                  | of mutation]
 94466 | Lair:1   | Lost mutation: Your spells are a little harder to cast, but
                  | a little more powerful. [potion of mutation]
 94466 | Lair:1   | Lost mutation: Armour fits poorly on your strangely shaped
                  | body. [potion of mutation]
 94466 | Lair:1   | Lost mutation: Potions are less effective at restoring your
                  | health. [potion of mutation]
 94466 | Lair:1   | Gained mutation: You are dopey. (Int -2) [potion of
                  | mutation]
 94466 | Lair:1   | Gained mutation: You passively map a small area around you.
                  | [potion of mutation]
 94466 | Lair:1   | Gained mutation: You have a pair of small horns on your
                  | head. [potion of mutation]
 94819 | Zot:1    | Entered Level 1 of the Realm of Zot
 95754 | Zot:1    | Noticed an orb of fire
 95772 | Zot:1    | Gained mutation: Your body sometimes deteriorates upon
                  | taking damage. [an orb of fire]
 95773 | Zot:1    | Gained mutation: You occasionally shout uncontrollably at
                  | your foes. [an orb of fire]
 95777 | Zot:1    | Gained mutation: Potions are less effective at restoring
                  | your health. [an orb of fire]
 95778 | Zot:1    | Killed an orb of fire
 95784 | Zot:1    | Reached XP level 27. HP: 135/261 MP: 15/44
 95792 | Zot:1    | Noticed an orb of fire
 95803 | Zot:1    | Gained mutation: You sometimes lose the ability to read
                  | scrolls when taking damage. [an orb of fire]
 95805 | Zot:1    | Gained mutation: Your body often deteriorates upon taking
                  | damage. [an orb of fire]
 96169 | D:13     | Lost mutation: You have a pair of small horns on your head.
                  | [potion of mutation]
 96169 | D:13     | Lost mutation: Your body often deteriorates upon taking
                  | damage. [potion of mutation]
 96169 | D:13     | Lost mutation: Potions are less effective at restoring your
                  | health. [potion of mutation]
 96261 | Lair:1   | Lost mutation: You have a considerably increased reservoir
                  | of magic. (+20% MP) [potion of mutation]
 96261 | Lair:1   | Lost mutation: Your flesh is cold resistant. (rC+) [potion
                  | of mutation]
 96261 | Lair:1   | Gained mutation: Your spells are a little harder to cast,
                  | but a little more powerful. [potion of mutation]
 96261 | Lair:1   | Gained mutation: You are resistant to electric shocks.
                  | (rElec) [potion of mutation]
 96262 | Lair:1   | Lost mutation: Your spells are a little harder to cast, but
                  | a little more powerful. [potion of mutation]
 96262 | Lair:1   | Lost mutation: You passively map a small area around you.
                  | [potion of mutation]
 96262 | Lair:1   | Gained mutation: You are very dopey. (Int -4) [potion of
                  | mutation]
 96262 | Lair:1   | Gained mutation: You possess an exceptional clarity of
                  | mind. [potion of mutation]
 96317 | Orc:2    | Bought a potion of mutation for 104 gold pieces
 96317 | Orc:2    | Lost mutation: You sometimes lose the ability to read
                  | scrolls when taking damage. [potion of mutation]
 96317 | Orc:2    | Lost mutation: You possess an exceptional clarity of mind.
                  | [potion of mutation]
 96317 | Orc:2    | Gained mutation: You have large cloven feet. [potion of
                  | mutation]
 96317 | Orc:2    | Gained mutation: You are agile. (Dex +2) [potion of
                  | mutation]
 96317 | Orc:2    | Gained mutation: Your spells are a little easier to cast,
                  | but a little less powerful. [potion of mutation]
 96317 | Orc:2    | Gained mutation: You have very sharp teeth. [potion of
                  | mutation]
 96778 | Zot:1    | Gained mutation: You have hidden genetic potential. [an orb
                  | of fire]
 96780 | Zot:1    | Killed an orb of fire
 97070 | Zot:2    | Noticed Parghit
 97109 | Zot:1    | Killed Parghit
 97333 | Zot:2    | You are sucked into a shaft and drop 2 floors!
 98234 | Zot:1    | Identified the +2 whip of Ligeom {vorpal, Dex+2}
 99060 | Zot:3    | Reached skill level 10 in Fire Magic
101637 | Zot:4    | Noticed an orb of fire
101682 | Zot:3    | Killed an orb of fire
102308 | Zot:4    | Found the +11 plutonium sword {Contam Stlth-}
102329 | Zot:4    | Found the +4 dragonskin cloak
102329 | Zot:4    | Identified the amulet of Neseq {Reflect Drain Str+2 Dex+3
                  | SH+5}
102329 | Zot:4    | Noticed Tiamat
102877 | Zot:4    | Learned a level 7 spell: Orb of Destruction
103205 | Zot:5    | Entered Level 5 of the Realm of Zot
103729 | Depths:4 | You paid a toll of 6 scrolls of fear to enter a treasure
                  | trove
103730 | Trove    | Entered a treasure trove
103746 | Trove    | Got Oscheomokh's Reference Book on the Cloudy Traveller
103781 | Trove    | Identified the amulet "Faus" {Spirit rElec rC+ Str-5 Int+4}
104182 | Crypt:2  | Killed Xtahua
104276 | Crypt:3  | Reached skill level 15 in Conjurations
104837 | Crypt:3  | Noticed a dread lich
104845 | Crypt:3  | Killed a dread lich
105074 | Crypt:3  | Reached skill level 10 in Spellcasting
105195 | Crypt:3  | Got the Collected Works on Stolen Souls
105249 | Crypt:3  | Identified the ring "Ubbae" {rN+ Str+3}
105249 | Crypt:3  | Identified the ring "Vueqogru" {rElec rC- rN+ rCorr SInv}
105356 | Crypt:3  | Found a staircase to the Tomb.
105499 | Tomb:1   | Entered Level 1 of the Tomb of the Ancients
106490 | Pan      | Entered Pandemonium
106551 | Pan      | Noticed Dallasa the pandemonium lord
106561 | Pan      | Killed Dallasa the pandemonium lord
107951 | Pan      | Identified the +0 hat of Sif Muna's Favour {Rampage rC+}
                  | (You found it in Pandemonium)
108024 | Pan      | Entered the realm of Mnoleg.
109297 | Pan      | Noticed Mnoleg
109321 | Pan      | Slain by a large abomination

Illustrated notes .#.######P..#####.## ....................... .................# #...............# #..............## ##..............P####.## ##............†.......... ......................... .........@.<............# #.###.####l.#########.... .$.......# ..# .........>... .. ...........#### . .. ........# . ...l..... ......... #######.. Turn 12423 on Lair:1: ok i get it, i'm petrified #...........## #............# ##.....P# #....#### #=<##.### #......P# #.......# ##.hDh..## #..S@..## ##..h### ##..# ...l ..... ....... ........ .......... Turn 21702 on Lair:5: uh oh ....<...## ?... ....P..†.##.#....... ..........# ...[...### # ..........###.....##P#.# ..................#...# ......................#. ........................ ........................ ................@....... ......##............##.. .....# ####+++##...## ##... #JJWJJ##..h.. ### #..JJJJ.#...... #..J.JJ.#....... #.....G.#......? ##.(:$.##.(..... Turn 21888 on Lair:5: yikes

....P#.^....P.#.#.##.............
.....##........#.#.#..........###
....###......##.#.#............##
...........#.##.....#............
.........###.##....P#.....###.P..
..........#..#......#......##.#..
####.............P...............
#.##........................... #
#............†@Y†..............
###............#YY.P##.........##
##........##.##.#.#####.....#..#
##P........#.##....#.#...........
##......#..................###...
##....##....................##...
##.....##.............Yi...#.....
.†...#.........###i##..Y........
.#.##......###.####....YY....F..


Turn 23475 on Lair:6: bro this is too many yaks

Levels and vault maps discovered:
D:1:      onia_arrival_pentagram, layout_rooms, serial_shops, shop,
          ebering_ecumenical_altar_sacrificial, serial_curves, eino_curves_02,
          eino_curves_03, hex_intersection, minmay_misc_feat_pillars
D:2:      layout_loops_ring
D:3:      layout_basic, minmay_vboxes, uniq_crazy_yiuf_cottage, uniq_grinder
D:4:      layout_loops_ring, mainiacjoe_overflow_tiny_flanked, st_stairs_7,
          uniq_sigmund
D:5:      layout_loops_ring, serial_bayou, serial_bayou_pond_a,
          serial_bayou_pond_c, serial_bayou_pond_e, serial_bayou_pond_d,
          serial_bayou_pond_e, serial_bayou_lake_a,
          hellmonk_ghost_happy_afterlife
D:6:      layout_basic, minmay_temple_entry_poolview
D:7:      layout_rooms, minmay_checkerbox
D:8:      layout_basic, minmay_shattered_shrine
D:9:      layout_irregular_city, nemelex_diamond_rough_becter,
          mainiacjoe_overflow_brackets, nicolae_hepliaklqana_hippocampus,
          david_lair_generic, orc_0_dummy, serial_shops,
          nicolae_shop_bloodbath_and_beyond, uniq_psyche
D:10:     layout_loops_cross, serial_shops, shop, minmay_misc_feat_more_columns,
          roderic_batcave
D:11:     layout_basic, special_room [special_room_kobold], serial_shops,
          nicolae_shop_statue_plus, uniq_nergalle
D:12:     layout_loops_ring, serial_shops, nicolae_shop_statue_plus, shop,
          nicolae_lakefront_shop, nicolae_stop_n_shop_2,
          ebering_ghost_reflecting_pool
D:13:     kennysheep_kobold_lugonu_temple, layout_basic, erik_vaults_1,
          uniq_snorg
D:14:     layout_basic
D:15:     hangedman_depths_entry_try_elsewhere_first, layout_cave_pools,
          minmay_misc_feat_x, serial_park_tiny_2
Lair:1:   layout_long_grid
Lair:2:   layout_loops_ring, gauntlet_entry_generic,
          portal_ice_cave_entry_pillars_1, ebering_ghost_rock_garden, uniq_urug
Lair:3:   layout_roguey, minmay_snake_entry_spellcaster, hangedman_tree_tricks
Lair:4:   layout_regular_city, elwin_shoals_entry_stream, grunt_megastairs_2
Lair:5:   layout_misc_corridors, slime_altar_1, gammafunk_ghost_ooze
Lair:6:   minmay_lair_end_enchanted_forest, layout_cellular_growth
Shoals:1: layout_shoals, st_shoals_ruin
Shoals:2: layout_shoals, serial_shops, nicolae_diamond_shop
Shoals:3: layout_shoals, gammafunk_ghost_cemetery
Shoals:4: shoals_end_hangedman, layout_shoals, uniq_polyphemus
Snake:1:  layout_cave_shapes, ebering_ghost_rock_garden,
          nicolae_snake_gridmaze_zigzag, minmay_shop_enchanted_jewellery,
          abandoned_shop, nicolae_snake_gridmaze_waves, uniq_agnes
Snake:2:  layout_honeycomb, minmay_shop_grove, uniq_asterion
Snake:3:  layout_rooms, drop_trap, lemuel_fruit_tree
Snake:4:  grunt_snake_rune_pools, layout_onion, basic_altar,
          serial_bayou_shore_b, grunt_megastairs_3, minmay_shop_star,
          uniq_vashnia
Slime:1:  layout_caves
Slime:2:  layout_caves
Slime:3:  layout_caves
Slime:4:  layout_caves, basic_altar
Slime:5
Orc:1:    layout_diamond_mine, basic_altar, uniq_fannar
Orc:2:    st_orc_ogre_mass, layout_caves, serial_shops, nicolae_shop_stone,
          hangedman_feature_mirror
Elf:1:    nicolae_elf_arrival_fired_up, layout_onion_city, serial_shops,
          shop_statue, uniq_azrael
Elf:2:    elven_hall_of_blades_hangedman_original
          [nicolae_blade_entry_crossed_weapons], layout_loops_cross,
          serial_shops, nicolae_shop_stone, nicolae_shop_waterfront,
          nicolae_shop_waterfront
Elf:3:    minmay_elf_hall_not_hex, layout_rooms, gammafunk_ghost_tricky_traps,
          serial_shops, shop, nicolae_shop_hallway_stairs, shop, minivault_19,
          nicolae_specific_store, uniq_louise, uniq_saint_roka, uniq_donald
Vaults:1: vaults_room_corners, st_hourglassy, v_alt_pattern_3,
          nicolae_vaults_little_squares_1, nicolae_vaults_circle_grid_b,
          ontoclasm_vaults_fault, vaults_dpeg_hooks, vaults_dpeg_cross,
          v_rooms_3, v_misc_19, ontoclasm_vaults_pinch, v_misc_4,
          nicolae_vaults_sealed_display, v_misc_15, nicolae_vaults_shelves_hall,
          vaults_room_stairs_pillars, layout_vaults_ring
Vaults:2: hangedman_vaults_river_flow, ontoclasm_vaults_twist,
          grunt_vaults_funnel, nicolae_vaults_fighting_squares,
          hangedman_vaults_snaps, v_misc_14, hangedman_vaults_nails,
          nicolae_vaults_circle_grid_a, v_misc_17,
          nicolae_vaults_network_quincunx
          [nicolae_vaults_network_quincunx_subvault,
          nicolae_vaults_network_quincunx_subvault,
          nicolae_vaults_network_quincunx_subvault,
          nicolae_vaults_network_quincunx_subvault,
          nicolae_vaults_network_quincunx_subvault], vaults_room_fours,
          nicolae_vaults_rhombus_5, ontoclasm_vaults_loading_screen,
          ontoclasm_vaults_gateway, layout_vaults_omnibox, serial_shops, shop,
          uniq_nikola
Vaults:3: serial_ice_m, v_misc_23, dpeg_vaults_monster_row,
          ontoclasm_vaults_hangar, nicolae_vaults_hallways_thing,
          minmay_crypt_entry_simple_corners, grunt_vaults_focal,
          vaults_mumra_chevron_long, hangedman_vaults_nails,
          vaults_room_fancy_cross, v_misc_27, vaults_mumra_hexcomb,
          layout_vaults_omnicross
Vaults:4: nicolae_vaults_little_squares_3, v_pattern_5,
          nicolae_vaults_specimen_jars, v_misc_18, vaults_room_semicircle,
          ontoclasm_vaults_spin, nicolae_vaults_mini_display_case,
          nicolae_vaults_asterisk, vaults_room_grunt_arrival_ludios,
          nicolae_vaults_ring_of_whatevers, layout_vaults_quadrants,
          serial_glass
Vaults:5: uniq_margery, uniq_sojobo, uniq_bai_suzhen
Crypt:1:  layout_rooms, grunt_crypt_arrival_split
Crypt:2:  layout_chaotic_city, tombwall_bobbens, uniq_josephina, uniq_xtahua
Crypt:3:  cryptofortress_bobbens
Tomb:1
Depths:1: layout_gridlike, nicolae_uskayaw_en_pointe, rand_demon_pan_entry_5,
          hell_entry, fedhas_altar_fruit_tree, serial_bayou_shore_a,
          serial_bayou_shore_b
Depths:2: kennysheep_big_flooded_room, layout_basic, minmay_room_of_horrors,
          xom_teletrap_fun, hell_entry, rand_demon_pan_entry_4,
          nicolae_shop_overcharged_wands, grunt_megastairs_5,
          infiniplex_staircase_zigzag_2, firewood_loft
Depths:3: minmay_the_grid_octo_triangle [minmay_the_grid_octo_thin_diamonds,
          minmay_the_grid_octo_prize_square_snowflake,
          minmay_the_grid_octo_odd_swirl], layout_cave_pools, hell_entry,
          abyss_entry_glasseish, minmay_staircase_statues
Depths:4: lemuel_castle_with_subvaults [lemuel_castle_interior_carwin_3],
          layout_cave_pools, enter_ziggurat_b, enter_trove_3,
          hangedman_coc_ice_floe, nicolae_dithmenos_through_a_glass_darkly,
          serial_bayou_shore_b, uniq_boris, uniq_zenata
Hell
Zot:1:    layout_twisted_circle, nzn_random_ring
Zot:2:    infiniplex_zot_generator, layout_twisted_circle, uniq_parghit
Zot:3:    layout_onion_interference
Zot:4:    layout_twisted_circle, st_grand_hoard_of_tiamat
Zot:5:    layout_gridville, hangedman_zot_decor_slant
Pan:      grunt_pan_spiral, layout_gridlike, evilmike_mini_pan_3x3,
          layout_gridlike, grunt_pan_pentagram, layout_cellular_growth,
          evilmike_mini_pan_corridor, layout_small_grid,
          pan_blood_fountain_small, rand_demon_4, layout_grid_shapes,
          grunt_pan_pentagram, layout_cellular_growth, mnoleg, layout_gridlike,
          pan_blood_fountain_2

Skill      XL: |  1  2  3  4  5  6  7  8  9 10 11 12 13 14 15 16 17 18 19 20 21 22 23 24 25 26 27 |
---------------+----------------------------------------------------------------------------------+-----
Long Blades    | 2 3 4 5 7 8 9 11 12 13 14 15 16 18 | 18.9
Shields        | 3 4 5 6 7 8 9 11 12 13 14 15 | 15.0
Fighting       | 3 4 5 6 7 8 9 11 12 13 14 15 16 17 18 19 21 24 | 24.1
Armour         | 3 4 5 6 7 8 9 10 11 | 11.0
Transmutations | 3 6 7 11 12 14 | 14.7
Evocations     | 1 5 |  5.8
Spellcasting   | 3 5 7 8 10 | 10.7
Dodging        | 3 7 9 10 | 10.9
Necromancy     | 3 7 10 13 16 18 19 20 | 20.6
Translocations | 3 |  3.0
Stealth        | 2 |  2.0
Conjurations   | 2 10 11 16 | 16.3
Fire Magic     | 5 8 13 | 13.0

Action                   |  1- 3 |  4- 6 |  7- 9 | 10-12 | 13-15 | 16-18 | 19-21 | 22-24 | 25-27 || total
-------------------------+-------+-------+-------+-------+-------+-------+-------+-------+-------++-------
Melee: Long sword        |    89 |       |    51 |   487 |       |       |    24 |    14 |    17 ||   682
       Short sword       |    47 |   148 |   562 |    52 |       |       |       |       |       ||   809
       Triple sword      |       |       |       |   324 |       |       |       |       |   545 ||   869
       Double sword      |       |       |       |    45 |  1245 |  1970 |  2078 |  2516 |   996 ||  8850
       Dagger            |       |       |       |    16 |    23 |       |       |       |       ||    39
       Punch             |       |       |       |     1 |       |       |       |       |       ||     1
       Great sword       |       |       |       |       |       |   338 |       |    32 |       ||   370
       Scimitar          |       |       |       |       |       |     4 |       |       |       ||     4
       Headbutt          |       |       |       |       |       |       |       |       |    49 ||    49
       Bite              |       |       |       |       |       |       |       |       |   275 ||   275
 Fire: Hunting sling     |    19 |     4 |       |     3 |       |     1 |       |       |       ||    27
       Hand crossbow     |       |       |       |       |       |     3 |       |       |       ||     3
Throw: Stone             |       |     7 |    15 |       |       |       |       |       |       ||    22
       Dart              |       |    10 |    32 |    37 |    20 |    11 |    16 |     1 |     4 ||   131
       Throwing net      |       |       |     1 |       |       |       |     2 |     1 |     5 ||     9
       Boomerang         |       |       |       |    28 |       |       |       |       |       ||    28
       Javelin           |       |       |       |     8 |    12 |    21 |    24 |    11 |     8 ||    84
 Cast: Wereblood         |       |       |     2 |     8 |    15 |     4 |       |       |       ||    29
       Blink             |       |       |       |       |       |     5 |    12 |    38 |    14 ||    69
       Apportation       |       |       |       |       |       |    20 |    15 |     1 |    26 ||    62
       Agony             |       |       |       |       |       |     7 |    16 |    28 |     6 ||    57
       Corpse Rot        |       |       |       |       |       |     7 |     7 |       |       ||    14
       Dispel Undead     |       |       |       |       |       |       |    58 |    12 |     2 ||    72
       Mephitic Cloud    |       |       |       |       |       |       |     2 |     2 |       ||     4
       Lesser Beckoning  |       |       |       |       |       |       |     1 |     7 |    13 ||    21
       Summon Small Mamm |       |       |       |       |       |       |       |    20 |     4 ||    24
       Necromutation     |       |       |       |       |       |       |       |     5 |    22 ||    27
       Starburst         |       |       |       |       |       |       |       |       |    25 ||    25
       Orb of Destructio |       |       |       |       |       |       |       |       |     8 ||     8
Evoke: Wand              |       |       |     4 |     8 |     2 |    12 |     8 |     6 |     4 ||    44
       Box of beasts     |       |       |       |       |       |     3 |     4 |     2 |     2 ||    11
       Condenser vane    |       |       |       |       |       |     1 |     5 |     3 |       ||     9
       Tin of tremorston |       |       |       |       |       |       |     1 |     4 |     1 ||     6
       Lightning rod     |       |       |       |       |       |       |       |    10 |       ||    10
       Phantom mirror    |       |       |       |       |       |       |       |     5 |     4 ||     9
  Use: Potion            |       |       |       |     3 |     2 |     5 |       |    20 |    11 ||    41
       Scroll            |       |       |       |    22 |    10 |     4 |     9 |    20 |     9 ||    74
 Stab: Sleeping          |       |       |       |     2 |     3 |     2 |     7 |     3 |     5 ||    22
       Distracted        |       |       |       |     2 |       |     2 |    10 |    11 |     8 ||    33
       Invisible         |       |       |       |       |     1 |       |       |       |       ||     1
       Petrified         |       |       |       |       |       |     7 |       |       |       ||     7
       Confused          |       |       |       |       |       |       |     8 |     2 |       ||    10
       Paralysed         |       |       |       |       |       |       |       |     1 |       ||     1
       Held in net/web   |       |       |       |       |       |       |       |       |     4 ||     4
Armor: Scale mail        |    42 |       |       |       |       |       |       |       |       ||    42
       Chain mail        |    13 |    65 |     3 |       |     2 |       |       |       |       ||    83
       Ring mail         |       |       |   138 |    90 |       |       |       |       |       ||   228
       Troll leather arm |       |       |       |   278 |   354 |   450 |   253 |   515 |   450 ||  2300
       Skin              |       |       |       |    13 |       |       |       |     4 |       ||    17
Dodge: Dodged            |    69 |    32 |   207 |   541 |   460 |   964 |   666 |  1281 |  1239 ||  5459
Block: Buckler           |    27 |    28 |   121 |   173 |       |       |       |       |       ||   349
       Kite shield       |       |       |       |    61 |  1186 |  1998 |  1738 |  2262 |   781 ||  8026
       Reflection        |       |       |       |       |       |   201 |   117 |    68 |     2 ||   388
       Other             |       |       |       |       |       |    48 |       |     2 |   126 ||   176

Table legend: (Time is in decaauts)
 A = Elapsed time spent in this place.
 B = Non-inter-level travel time spent in this place.
 C = Inter-level travel time spent in this place.
 D = Time resting spent in this place.
 E = Time spent auto-exploring this place.
 F = Levels seen in this place.
 G = Mean time per level.
                   A        B        C        D        E       F      G
               +--------+--------+--------+--------+--------+-----+--------+
         Total | 108633 |  96518 |  12115 |  21478 |  28747 |  77 | 1410.8 |
       Dungeon |  22308 |  18097 |   4211 |   2888 |   8561 |  15 | 1487.2 |
          Lair |   8949 |   7735 |   1214 |    998 |   3412 |   6 | 1491.5 |
        Shoals |   7375 |   6667 |    708 |   1045 |   1368 |   4 | 1843.8 |
     Snake Pit |   9150 |   8487 |    663 |   2356 |   1834 |   4 | 2287.5 |
    Slime Pits |   4335 |   4008 |    327 |    859 |   1379 |   5 |  867.0 |
  Orcish Mines |   3354 |   2775 |    579 |    776 |    782 |   2 | 1677.0 |
   Elven Halls |   6971 |   6638 |    333 |   1659 |   1373 |   3 | 2323.7 |
        Vaults |  13651 |  12189 |   1462 |   2635 |   2752 |   5 | 2730.2 |
         Crypt |   4062 |   3710 |    352 |    366 |   1147 |   3 | 1354.0 |
          Tomb |    414 |    341 |     73 |     49 |     66 |   1 |  414.0 |
        Depths |  11527 |   9877 |   1650 |   3440 |   2724 |   4 | 2881.8 |
          Hell |     54 |     54 |      0 |      0 |      0 |   1 |   54.0 |
           Zot |   7744 |   7204 |    540 |   2586 |   1985 |   5 | 1548.8 |
         Abyss |   3066 |   3066 |      0 |    908 |    124 |  10 |  306.6 |
   Pandemonium |   4498 |   4498 |      0 |    855 |    847 |   7 |  642.6 |
         Trove |    127 |    127 |      0 |      0 |     21 |   1 |  127.0 |
      Ice Cave |   1039 |   1039 |      0 |     54 |    370 |   1 | 1039.0 |
               +--------+--------+--------+--------+--------+-----+--------+

Top non-repeatable levels by time:
Vaults:4: 3551 daAuts
   Elf:3: 3478 daAuts
Depths:2: 3407 daAuts
 Snake:4: 3327 daAuts
Depths:4: 2898 daAuts
Vaults:2: 2827 daAuts
Depths:1: 2777 daAuts
Vaults:1: 2652 daAuts
Vaults:3: 2612 daAuts
Depths:3: 2442 daAuts
     D:8: 2264 daAuts
 Snake:3: 2254 daAuts
   Zot:2: 2246 daAuts
Shoals:4: 2242 daAuts
    D:13: 2125 daAuts
